[Event "Early-Titled-Tuesday-Blitz-May-14-2024"]
[Site "Chess.com"]
[Date "2024.05.14"]
[Round "6"]
[White "mapleaff"]
[Black "Josgar05"]
[Result "0-1"]
[WhiteElo "2299"]
[BlackElo "2428"]
[TimeControl "180+1"]
[EndTime "9:08:26 PDT"]
[Termination "Josgar05 won on time"]

1. d4 d5 2. Bf4 Nf6 3. Nf3 e6 4.
e3 Nc6 5. c3 Ne7 6. h3 Ng6 7.
Bh2 Bd6 8. Ne5 O-O 9. Nd2 c5 10. Bd3 Qb6 11. Rb1 Qc7 12. f4 Nd7 13. O-O f5 14.
Qh5 Nf6 15. Qg5 Ne7 16. Ndf3 Ne4 17. Qh4 Bd7 18. Bxe4 fxe4 19. Nd2 b5 20. g4 a5 21. a3 Rab8 22. b4 axb4 23. axb4 cxb4 24. cxb4 Qd8 25. Rfc1 Rc8 26. Nb3 Bxb4 27. Nc5 Bxc5 28. dxc5 Bc6 29. Nxc6 Nxc6 30. Qxd8 Rfxd8 31. Rxb5 d4 32. exd4 Nxd4 33. Rb2 Rb8 34. Rxb8 Rxb8 35. f5 Nf3+ 36. Kh1 Rb2 37. Bf4 e5 38. c6 exf4 0-1

[Event "Early-Titled-Tuesday-Blitz-May-14-2024"]
[Site "Chess.com"]
[Date "2024.05.14"]
[Round "6"]
[White "yobdc"]
[Black "ploxoi"]
[Result "0-1"]
[WhiteElo "2488"]
[BlackElo "2349"]
[TimeControl "180+1"]
[EndTime "9:08:28 PDT"]
[Termination "ploxoi won by resignation"]

1. e4 c5 2. Nf3 e6 3. c3 d5 4.
exd5 Qxd5 5. d4 Nf6 6. Na3 Nc6 7. Nb5 Qd8 8. dxc5 Bxc5 9. Qxd8+ Kxd8 10. Bg5 a6 11. O-O-O+ Ke7 12. Nbd4 Nxd4 13. Nxd4 Rd8 14. Be2 h6 15. Bh4 Bxd4 16. Rxd4 Rxd4 17. cxd4 g5 18. Bg3 Bd7 19. f3 Nd5 20. Kd2 Rc8 21. a3 Ba4 22.
Bd3 f5 23. h4 f4 24. Bf2 Kd6 25. hxg5 hxg5 26. Rh6 Rg8 27. Bf5 Bd7 28. Bg4 Rf8 29. Rg6 Rc8 30. b3 Rc3 31. Rxg5 Rxb3 32. Bh4 Rb2+ 33.
Kc1 Rxg2 34. Rg7 Ba4 35. Bd8 Rc2+ 36. Kd1 Rc7+ 0-1

[Event "Early-Titled-Tuesday-Blitz-May-14-2024"]
[Site "Chess.com"]
[Date "2024.05.14"]
[Round "6"]
[White "Ariadna_Atreides"]
[Black "Brahianzevich"]
[Result "0-1"]
[WhiteElo "2227"]
[BlackElo "2400"]
[TimeControl "180+1"]
[EndTime "9:08:29 PDT"]
[Termination "Brahianzevich won on time"]

1. d4 d5 2. Nf3 Nf6 3. e3 e6 4. Bd3 c5 5. b3 Nc6 6. O-O Bd6 7. Bb2 O-O 8. Nbd2 b6 9. Ne5 Bb7 10. Ndf3 Ne7 11. dxc5 Bxc5 12. Ng5 h6 13. Nh3 Qc7 14.
Qf3 Bd6 15. Ng4 Nxg4 16. Qxg4 Be5 17. Bxe5 Qxe5 18. Nf4 Rac8 19. Rad1 a5 20. a4 Nc6 21. Nh5 Qg5 22. Qxg5 hxg5 23. Ng3 Nb4 24. Rd2 Nxd3 25.
cxd3 Rc3 26. Rb1 Rfc8 27. h3 Ba6 28. d4 Rc1+ 29. Rxc1 Rxc1+ 30. Kh2 Rb1 31. Rc2 Rxb3 32. Rc7 Rb2 33. Ra7 Bd3 34. Ra8+ Kh7 35. Nh5 Kg6 36. Ng3 Rxf2 37. Rb8 Rb2 38. Rb7 Bc2 39. e4 dxe4 40. Ne2 Bxa4 41. Nc3 Bc6 42. Rc7 Bd5 0-1

[Event "Early-Titled-Tuesday-Blitz-May-14-2024"]
[Site "Chess.com"]
[Date "2024.05.14"]
[Round "6"]
[White "NewYearGirl"]
[Black "TERMINATOR_PC"]
[Result "0-1"]
[WhiteElo "2388"]
[BlackElo "2603"]
[TimeControl "180+1"]
[EndTime "9:08:30 PDT"]
[Termination "TERMINATOR_PC won by resignation"]

1. e4 e5 2. Nf3 Nc6 3. Bc4 Nf6 4. Ng5 d5 5. exd5 Na5 6. d3 h6 7. Nf3 Nxc4 8. dxc4 e4 9. Qe2 Bb4+ 10. c3 Bd6 11. Nfd2 O-O 12. h3 c6 13. O-O Re8 14. dxc6 Qb6 15.
Nb3 Qxc6 16. Nd4 Qc5 17. b4 Qe5 18. g3 Bxh3 19. Bf4 Bxf1 20. Qxf1 Qh5 21. Bxd6 e3 22. f3 Rad8 23. c5 Qg6 24. Qe1 e2 25. Na3 Qd3 26.
Rc1 Nd5 27. Nac2 Nxc3 28. Kf2 a5 29. Bf4 axb4 30. Nxb4 Qxd4+ 31. Kg2 Qxb4 32. Rxc3 Qxc3 33. Qxc3 e1=Q 34. Qc4 Qe2+ 35. Qxe2 Rxe2+ 36. Kh3 Rxa2 0-1

[Event "Early-Titled-Tuesday-Blitz-May-14-2024"]
[Site "Chess.com"]
[Date "2024.05.14"]
[Round "6"]
[White "PonyQueen07"]
[Black "Chernov_Mikhail"]
[Result "0-1"]
[WhiteElo "2119"]
[BlackElo "2376"]
[TimeControl "180+1"]
[EndTime "9:08:30 PDT"]
[Termination "Chernov_Mikhail won by checkmate"]

1. d4 Nf6 2. Bg5 Ne4 3. Bh4 g6 4. f3 Nd6 5. e4 Bg7 6. Bf2 c5 7.
dxc5 Bxb2 8. cxd6 Bxa1 9. dxe7 Qa5+ 10. Nd2 Bc3 11. Bc4 b5 12. Bd5 Nc6 13. Ne2 Kxe7 14. Nxc3 Qxc3 15. O-O Rf8 16. Nb3 Bb7 17. Bc5+ d6 18.
Bxc6 dxc5 19. Qd7+ Kf6 20. Bxb7 Qe3+ 21. Kh1 Rad8 22.
Qc6+ Kg7 23. Nxc5 Qe2 24. Rg1 Rd2 25. Nd3 Rxc2 26. Qd5 Rxa2 27. Nf4 Qb2 28. h4 h5 29. Nh3 a5 30. e5 Re8 31. Re1 Qxg2# 0-1

[Event "Early-Titled-Tuesday-Blitz-May-14-2024"]
[Site "Chess.com"]
[Date "2024.05.14"]
[Round "6"]
[White "Firouzja2003"]
[Black "Kirill_Klukin"]
[Result "1-0"]
[WhiteElo "3184"]
[BlackElo "2823"]
[TimeControl "180+1"]
[EndTime "9:08:31 PDT"]
[Termination "Firouzja2003 won on time"]

1. e4 e6 2. d4 d5 3. e5 c5 4. c3 Nc6 5. Nf3 Nge7 6. Na3 Bd7 7. Nc2 Qa5 8. a3 Nxd4 9. Ncxd4 cxd4 10.
Qxd4 Bb5 11. Qc5 a6 12. Bxb5+ Qxb5 13. Qxb5+ axb5 14. Nd4 Nc6 15. Nxb5 Ra5 16. a4 Kd7 17. Bf4 Be7 18. Ke2 g5 19. Bg3 h5 20. h3 Rha8 21.
b3 R5a6 22. h4 gxh4 23. Bxh4 Rg8 24. g3 Bxh4 25. Rxh4 Rg5 26. Rah1 Rxe5+ 27. Kd3 Rf5 28. f4 Ra8 29. Rxh5 Rg8 30. R5h3 Rf6 31. Ke3 Rfg6 32.
Kf3 e5 33. Rd1 d4 34. cxd4 exf4 35. gxf4 Ne7 36. Rc1 Nd5 37. Rc5 Nb4 38. Rc7+ Ke6 39. Rxb7 Nc2 40. Rb6+ Ke7 41. Rxg6 Rxg6 42. Ke4 Rg1 43.
Kd3 Nb4+ 44. Kc4 Nc2 45. d5 Rc1 46. Rc3 Ne3+ 47. Kd4 1-0

[Event "Early-Titled-Tuesday-Blitz-May-14-2024"]
[Site "Chess.com"]
[Date "2024.05.14"]
[Round "6"]
[White "viktorgen2021"]
[Black "SharapovEvgeny"]
[Result "1-0"]
[WhiteElo "2514"]
[BlackElo "2634"]
[TimeControl "180+1"]
[EndTime "9:08:31 PDT"]
[Termination "viktorgen2021 won by resignation"]

1. d4 d5 2. c4 c6 3. Nf3 Nf6 4.
Nc3 e6 5. e3 Nbd7 6. Bd3 dxc4 7. Bxc4 b5 8. Bd3 Bb7 9. a3 a5 10. O-O b4 11. axb4 axb4 12. Rxa8 Qxa8 13. Ne4 Nxe4 14.
Bxe4 c5 15. Bxb7 Qxb7 16. Qa4 Be7 17. dxc5 Bxc5 18. Rd1 Ke7 19. e4 Rd8 20. Qc2 Qb6 21. Bg5+ f6 22. Bh4 b3 23. Qe2 Nf8 24. e5 Rxd1+ 25.
Qxd1 Ng6 26. Bg3 Qb4 27. exf6+ gxf6 28. h4 h5 29. Qd3 f5 30. Bc7 Bd6 31. Bxd6+ Qxd6 32.
Qxb3 Nf4 33. g3 Nd5 34. Qb7+ Ke8 35. Ng5 Nc7 36. Qc8+ Ke7 37. Qh8 Qd1+ 38. Kg2 Qd5+ 39. Kh2 Qc5 40. Qg7+ Kd8 41. Qxc7+ Kxc7 42. Nxe6+ Kd6 43.
Nxc5 Kxc5 44. Kg2 1-0

[Event "Early-Titled-Tuesday-Blitz-May-14-2024"]
[Site "Chess.com"]
[Date "2024.05.14"]
[Round "6"]
[White "nabukatnezarr"]
[Black "Sasha_Solovev_777"]
[Result "1-0"]
[WhiteElo "2616"]
[BlackElo "2222"]
[TimeControl "180+1"]
[EndTime "9:08:31 PDT"]
[Termination "nabukatnezarr won on time"]

1. b3 e5 2. Bb2 d6 3. e3 f5 4.
c4 Nf6 5. Nc3 g6 6. Nf3 Bg7 7. d4 e4 8. Nd2 c6 9. Be2 O-O 10. Qc2 Be6 11. f3 exf3 12. Bxf3 Ng4 13. Qd3 Qh4+ 14. g3 Qg5 15. Nf1 Na6 16. a3 Bh6 17. h4 Qe7 18. d5 Nc5 19. Qc2 Bf7 20.
Bxg4 fxg4 21. b4 Nd7 22. O-O-O Ne5 23. dxc6 bxc6 24. Ne4 Nxc4 25. Nf6+ Kh8 26. Nd5+ Nxb2 27. Nxe7 Nxd1 28. Qxd1 Rad8 29. Kb1 Rd7 30. Nxc6 Rc8 31. Nd4 Bd5 32. Rh2 Be4+ 33. Kb2 Bg7 34. Nd2 Bd5 35. Nb3 Rdc7 36. Na5 Rc3 37. Qd2 1-0

[Event "Early-Titled-Tuesday-Blitz-May-14-2024"]
[Site "Chess.com"]
[Date "2024.05.14"]
[Round "6"]
[White "CrushingKings"]
[Black "Slovineanu"]
[Result "1-0"]
[WhiteElo "2632"]
[BlackElo "2486"]
[TimeControl "180+1"]
[EndTime "9:08:32 PDT"]
[Termination "CrushingKings won by resignation"]

1. Nf3 Nf6 2. g3 d5 3. Bg2 Nbd7 4. d4 e6 5. O-O b5 6. a4 b4 7. c4 dxc4 8. Ne5 Ba6 9. Bg5 Be7 10. Nc6 Qc8 11. Nxe7 Kxe7 12. Bxa8 Qxa8 13. Nd2 Qd5 14. Be3 Ng4 15. Nf3 h5 16. Bd2 c5 17. Re1 Ndf6 18.
Bg5 Rd8 19. e4 Qc6 20. e5 Bb7 21. h3 Rxd4 22. Qe2 Nxe5 23. Qxe5 Qxf3 24. Qxc5+ Rd6 25.
Kf1 Qg2+ 26. Ke2 Bf3+ 27. Ke3 Bd5 28. Rad1 Qf3+ 29. Kd2 Qxf2+ 30. Qxf2 1-0

[Event "Early-Titled-Tuesday-Blitz-May-14-2024"]
[Site "Chess.com"]
[Date "2024.05.14"]
[Round "6"]
[White "the_chess_child"]
[Black "MITerryble"]
[Result "1-0"]
[WhiteElo "2897"]
[BlackElo "3041"]
[TimeControl "180+1"]
[EndTime "9:08:33 PDT"]
[Termination "the_chess_child won by resignation"]

1. e4 e6 2. d3 d5 3. Nd2 Nf6 4. Ngf3 b6 5. g3 dxe4 6. dxe4 Bc5 7. Bg2 Ba6 8. c4 Qd3 9. b4 Be7 10. Bb2 Bb7 11. Ne5 Qd8 12. O-O O-O 13. a3 a5 14.
Bc3 Nfd7 15. Nd3 Re8 16. Qg4 Nf6 17. Qe2 Nfd7 18. Qg4 Nf6 19. Bxf6 Bxf6 20. e5 Bxg2 21. exf6 g6 22. Kxg2 Qxd3 23. Ne4 axb4 24. Qf4 Kh8 25. Qh6 Qxe4+ 26. f3 Qe2+ 27. Rf2 Qxf2+ 28. Kxf2 Rg8 29.
Rd1 Nc6 30. axb4 Ne5 31. Qf4 Nc6 32. Qxc7 Nxb4 33. Qxf7 Raf8 34. Qe7 Nc6 35. Qxe6 Na5 36. Rd7 1-0

[Event "Early-Titled-Tuesday-Blitz-May-14-2024"]
[Site "Chess.com"]
[Date "2024.05.14"]
[Round "6"]
[White "subham777"]
[Black "maracayo"]
[Result "1-0"]
[WhiteElo "2537"]
[BlackElo "2366"]
[TimeControl "180+1"]
[EndTime "9:08:34 PDT"]
[Termination "subham777 won by resignation"]

1. e4 d6 2. g3 Nf6 3. Bg2 e5 4. Ne2 Be7 5. O-O O-O 6. d4 h6 7. c4 c6 8. d5 a6 9. h3 b5 10. cxb5 cxd5 11. exd5 axb5 12. Kh2 b4 13. Nd2 Ba6 14. b3 Nbd7 15. Ne4 Nxe4 16. Bxe4 Nc5 17. Bg2 f5 18. Be3 Nd3 19. f4 Bf6 20. fxe5 Bxe5 21.
Bd4 Qg5 22. Rf3 Nb2 23. Bxb2 Bxb2 24. Rb1 Bxe2 25. Qxe2 Be5 26. Rbf1 h5 27. Kh1 Bxg3 28. Qe6+ Kh8 29. Rxf5 Rxf5 30. Rxf5 Qc1+ 31. Bf1 Qd1 32. Qg6 Be5 33. Rxh5+ Kg8 34. Qe6+ 1-0

[Event "Early-Titled-Tuesday-Blitz-May-14-2024"]
[Site "Chess.com"]
[Date "2024.05.14"]
[Round "6"]
[White "dinushkipremanath"]
[Black "Niktlt"]
[Result "0-1"]
[WhiteElo "2043"]
[BlackElo "2696"]
[TimeControl "180+1"]
[EndTime "9:08:36 PDT"]
[Termination "Niktlt won by checkmate"]

1. d4 Nf6 2. Nf3 e6 3. Bf4 d5 4. Nbd2 c5 5. c3 Nc6 6. e3 Bd6 7. Bg3 Ne4 8. Nxe4 dxe4 9. Nd2 f5 10. Bxd6 Qxd6 11. Nc4 Qe7 12. dxc5 Qxc5 13. Nd6+ Ke7 14. Nb5 Rd8 15. Qc2 a6 16. Na3 e5 17. Be2 Be6 18. O-O Nb4 19. Qc1 Nd3 20. Qc2 b5 21.
Nb1 Bc4 22. b3 Be6 23. Rd1 Nb4 24. Qc1 Rxd1+ 25. Qxd1 Rd8 26. Qc1 Nd3 27. Qc2 f4 28. Bxd3 exd3 29. Qd2 f3 30. a4 e4 31. axb5 Qg5 32.
g3 Qh6 33. h4 g5 34. Rxa6 gxh4 35. c4 hxg3 36. Ra7+ Bd7 37. fxg3 Rg8 38. Qb4+ Kd8 39. Ra8+ Bc8 40. Qa5+ Ke7 41. Qc7+ Bd7 42. Rxg8 Qxe3+ 43. Kh2 Qf2+ 44. Kh1 Qg2# 0-1

[Event "Early-Titled-Tuesday-Blitz-May-14-2024"]
[Site "Chess.com"]
[Date "2024.05.14"]
[Round "6"]
[White "Fradi82"]
[Black "AccioChess"]
[Result "0-1"]
[WhiteElo "2200"]
[BlackElo "2435"]
[TimeControl "180+1"]
[EndTime "9:08:37 PDT"]
[Termination "AccioChess won on time"]

1. e4 c5 2. Nf3 Nc6 3. d4 c4 4. Bxc4 e6 5. d5 Na5 6. Bd3 Nf6 7. O-O b6 8. c4 d6 9. b4 Nb7 10. Nc3 Be7 11. Nd4 O-O 12. Nc6 Qd7 13. Bg5 h6 14. Bh4 Nxd5 15. exd5 Bxh4 16. Qg4 Bf6 17. Qe4 g6 18.
Rac1 Bg7 19. dxe6 Qxe6 20. Nb5 Qd7 21. Ne7+ Kh7 22. Nxg6 fxg6 23. Qxg6+ Kg8 24. Qh7+ Kf7 25. Bg6+ Kf6 26. Nc3 Rh8 27. Nd5+ Kg5 28. f4+ Kh4 29. g3+ Kh3 30. Bf5+ Qxf5 31. Qxg7 Be6 32. Ne3 Qe4 33.
Rce1 Rag8 34. Qf6 Rxg3+ 35. hxg3 Kxg3 36. Rf3+ Qxf3 37. Qg6+ Kh3 0-1

[Event "Early-Titled-Tuesday-Blitz-May-14-2024"]
[Site "Chess.com"]
[Date "2024.05.14"]
[Round "6"]
[White "elcala"]
[Black "alvarorodriguezavila"]
[Result "1/2-1/2"]
[WhiteElo "1891"]
[BlackElo "2305"]
[TimeControl "180+1"]
[EndTime "9:08:37 PDT"]
[Termination "Game drawn by repetition"]

1. d4 Nf6 2. Nf3 d5 3. Bf4 Bg4 4. h3 Bh5 5. c3 Nbd7 6. Nbd2 e6 7. Ne5 Be7 8. Ndf3 O-O 9. g4 Bg6 10. e3 Ne4 11. Nd2 Bh4 12. Nxe4 Bxe4 13. Rg1 c5 14.
Bd3 cxd4 15. exd4 Qf6 16. Qd2 Nxe5 17. dxe5 Qg6 18. Bxe4 dxe4 19. O-O-O Rfd8 20. Qe3 Rd3 21. Rxd3 exd3 22. Rd1 Rd8 23. Bg3 Bxg3 24. Qxg3 Qe4 25. Qe3 Qc4 26. Kb1 b6 27. Rd2 h6 28. f4 Rd5 29. Qf3 Qb5 30. Qe3 Qc4 31. Qf3 Qa6 32. Qe3 Qc4 1/2-1/2

[Event "Early-Titled-Tuesday-Blitz-May-14-2024"]
[Site "Chess.com"]
[Date "2024.05.14"]
[Round "6"]
[White "vovachesss"]
[Black "hikaruchija"]
[Result "0-1"]
[WhiteElo "2811"]
[BlackElo "2611"]
[TimeControl "180+1"]
[EndTime "9:08:39 PDT"]
[Termination "hikaruchija won on time"]

1. e4 c5 2. Nf3 e6 3. d4 cxd4 4. Nxd4 a6 5. c4 Nf6 6. Nc3 Bb4 7. Qd3 d5 8. exd5 exd5 9. Be2 O-O 10. O-O Nc6 11. Nxc6 bxc6 12. cxd5 Nxd5 13. Nxd5 Qxd5 14. Qg3 Be6 15. Bf4 Be7 16. Bf3 Qb5 17. Rac1 Bd5 18.
Be5 g6 19. Rfe1 Rfe8 20. Bc3 Bf8 21. Qf4 Bg7 22. Bxg7 Kxg7 23. Qd4+ Kg8 24. Bg4 Bxa2 25. h4 Rad8 26. Qf6 h5 27. Bd7 Rf8 28. Bxc6 Qb4 29. Be4 Rd6 30. Qg5 Re8 31. f3 Qxb2 32. Rcd1 Qb6+ 33.
Kh1 Red8 34. Rc1 Bd5 35. Rc2 Bxe4 36. fxe4 Re6 37. e5 Rde8 38. Rf2 Qxf2 0-1

[Event "Early-Titled-Tuesday-Blitz-May-14-2024"]
[Site "Chess.com"]
[Date "2024.05.14"]
[Round "6"]
[White "LoaySameer"]
[Black "youngdinousaur"]
[Result "1-0"]
[WhiteElo "2545"]
[BlackElo "2380"]
[TimeControl "180+1"]
[EndTime "9:08:39 PDT"]
[Termination "LoaySameer won by resignation"]

1. Nf3 Nf6 2. g3 e6 3. Bg2 d5 4. O-O Be7 5. d3 O-O 6. Nbd2 c5 7. e4 Nc6 8. Re1 b5 9. exd5 exd5 10. d4 c4 11. Nf1 b4 12. Ne5 Bb7 13. Ne3 Rc8 14. Nf5 Nxe5 15. Rxe5 Bd6 16. Bg5 h6 17. Qd2 Bxe5 18.
dxe5 Ne4 19. Bxe4 Qxg5 20. Qxg5 hxg5 21. Ne7+ Kh8 22. Nxc8 Rxc8 23. Bg2 Rd8 24. Rd1 f6 25. exf6 gxf6 26. Rd4 Kg7 27. b3 cxb3 28. cxb3 a5 29. Bf3 Kf7 30. Bg4 Re8 31. Bf5 Re2 32. h4 gxh4 33. gxh4 Rxa2 34. h5 Rb2 35. h6 Rxb3 36. h7 Kg7 37. Rg4+ 1-0

[Event "Early-Titled-Tuesday-Blitz-May-14-2024"]
[Site "Chess.com"]
[Date "2024.05.14"]
[Round "6"]
[White "luggevoila"]
[Black "jaskol95"]
[Result "1-0"]
[WhiteElo "2338"]
[BlackElo "2504"]
[TimeControl "180+1"]
[EndTime "9:08:39 PDT"]
[Termination "luggevoila won by checkmate"]

1. e4 c5 2. Nf3 e6 3. c3 Nf6 4. e5 Nd5 5. d4 cxd4 6. cxd4 d6 7.
Bc4 Be7 8. O-O O-O 9. Qe2 b6 10. Rd1 Bb7 11. Bxd5 exd5 12. Nc3 Nd7 13. Bf4 dxe5 14.
Nxe5 Nxe5 15. Bxe5 Rc8 16. Qf3 f6 17. Bf4 Bb4 18.
Rac1 Qd7 19. Ne2 Rfe8 20. a3 Bf8 21. Ng3 Rc4 22. b3 Rxc1 23. Bxc1 Qb5 24. h4 Qa5 25. b4 Qa4 26. Nf5 a5 27. Qg4 Kh8 28. Bf4 Re4 29. Rc1 Qxa3 30. Rc7 g6 31. Rxb7 Qxb4 32.
Ng3 a4 33. Nxe4 dxe4 34. Qd7 Qe7 35. Qxe7 Bxe7 36. Rxe7 b5 37. Rb7 a3 38. Rxb5 Kg7 39.
Ra5 h5 40. Ra4 g5 41. hxg5 fxg5 42. Bxg5 Kg6 43. Be3 Kf5 44. Rxa3 Kg4 45. Ra5 h4 46. Rg5# 1-0

[Event "Early-Titled-Tuesday-Blitz-May-14-2024"]
[Site "Chess.com"]
[Date "2024.05.14"]
[Round "6"]
[White "The_Machine04"]
[Black "PeshkaCh"]
[Result "1/2-1/2"]
[WhiteElo "2679"]
[BlackElo "2873"]
[TimeControl "180+1"]
[EndTime "9:08:40 PDT"]
[Termination "Game drawn by repetition"]

1. d4 Nf6 2. Nf3 e6 3. Nbd2 d5 4. e3 c5 5. c3 Nc6 6. Bd3 Qc7 7. O-O Bd6 8. dxc5 Bxc5 9. b4 Bd6 10. Bb2 Ne5 11.
Nxe5 Bxe5 12. Nf3 Bd6 13. a3 Bd7 14. c4 dxc4 15. Bxc4 Bc6 16. Rc1 O-O 17. Bxf6 gxf6 18. b5 Bxf3 19. Qxf3 Qe7 20. a4 f5 21. Rfd1 Rfd8 22.
g3 Rac8 23. Bf1 Rxc1 24. Rxc1 Bc5 25. a5 Kg7 26. Bg2 Rd7 27. g4 Ba3 28. Ra1 fxg4 29.
Qxg4+ Kh8 30. Kh1 Bb2 31. Rg1 Rd8 32. Qe4 Bc3 33. a6 bxa6 34. bxa6 Qf6 35. Bf3 Rg8 36. Rxg8+ Kxg8 37. Qa8+ Kg7 38. Kg2 Qg6+ 39. Kf1 Qb1+ 40.
Kg2 Qg6+ 41. Kh1 Qd3 42. Kg2 Qxa6 43. Qe4 Bf6 44. Qg4+ Kh8 45. Qf4 Qa1 46. Qb8+ Kg7 47. Qg3+ Kh8 48. Qb8+ Kg7 49. Qg3+ Kf8 50. Qd6+ Kg8 51.
Qb8+ Kg7 1/2-1/2

[Event "Early-Titled-Tuesday-Blitz-May-14-2024"]
[Site "Chess.com"]
[Date "2024.05.14"]
[Round "6"]
[White "lefonghua"]
[Black "Bauman_Guy"]
[Result "0-1"]
[WhiteElo "2606"]
[BlackElo "2892"]
[TimeControl "180+1"]
[EndTime "9:08:40 PDT"]
[Termination "Bauman_Guy won by checkmate"]

1. d4 Nf6 2. c4 e6 3. Nc3 Bb4 4. f3 c5 5. a3 Ba5 6. d5 d6 7. e4 O-O 8. Ne2 b5 9. Nf4 e5 10. Ne2 b4 11. axb4 cxb4 12. Na4 Bd7 13. Be3 Bxa4 14.
Rxa4 Bb6 15. Qd2 a5 16. Nc1 Nfd7 17. Nb3 Na6 18. Bd3 Bxe3 19. Qxe3 Nac5 20. Nxc5 Nxc5 21.
Ra1 a4 22. O-O Qb6 23. Bc2 Rfb8 24. f4 b3 25. Bd1 Nd3 26. Qxb6 Rxb6 27. fxe5 dxe5 28.
Be2 Nc5 29. Bf3 Kf8 30. Rfd1 Ke7 31. Kf2 Rb4 32. d6+ Kd8 33. Be2 Kd7 34. Ke3 Kc6 35. Rd5 f6 36. g4 Rd8 37. Rad1 Ne6 38. c5 Nxc5 39. Bf3 Rc4 40. g5 Ne6 41. Ra5 Nd4 42.
Bg4 Rxd6 43. gxf6 Rxf6 44. Rxe5 Nc2+ 45. Ke2 Kb6 46. Bd7 Nd4+ 47. Ke3 Rf3+ 48. Kd2 Rc2+ 49. Ke1 Re2# 0-1

[Event "Early-Titled-Tuesday-Blitz-May-14-2024"]
[Site "Chess.com"]
[Date "2024.05.14"]
[Round "6"]
[White "lilleper1"]
[Black "blitzking1729"]
[Result "1-0"]
[WhiteElo "2919"]
[BlackElo "2756"]
[TimeControl "180+1"]
[EndTime "9:08:41 PDT"]
[Termination "lilleper1 won on time"]

1. Nf3 d5 2. g3 Nf6 3. Bg2 c5 4. O-O Nc6 5. d4 e6 6. c4 dxc4 7. dxc5 Qxd1 8. Rxd1 Bxc5 9. Nfd2 Na5 10. Na3 Bxa3 11.
bxa3 Bd7 12. Bb2 Bc6 13. e4 Ba4 14. Rdc1 b5 15. Bc3 Nc6 16. Rab1 a6 17. Bxf6 gxf6 18.
e5 O-O-O 19. Nxc4 bxc4 20. Rxc4 Rd4 21. Rc5 Kc7 22. Bxc6 Bxc6 23. Rbc1 fxe5 24. Rxc6+ Kd7 25. Rc7+ Kd6 26. Rxf7 Rb8 27. Rcc7 Kd5 28. Kg2 Ra4 29. Rfd7+ Ke4 30. Rc3 Rf8 31. Rxh7 Rf5 32. Rh4+ Kd5 33.
Rxa4 1-0

[Event "Early-Titled-Tuesday-Blitz-May-14-2024"]
[Site "Chess.com"]
[Date "2024.05.14"]
[Round "6"]
[White "Lennis93"]
[Black "Denis_Makhnyov"]
[Result "0-1"]
[WhiteElo "2803"]
[BlackElo "2992"]
[TimeControl "180+1"]
[EndTime "9:08:42 PDT"]
[Termination "Denis_Makhnyov won on time"]

1. d4 Nf6 2. Nf3 e6 3. c4 d5 4. Nc3 Bb4 5. e3 O-O 6. Bd3 dxc4 7. Bxc4 a6 8. a4 b6 9. O-O Bb7 10. Qe2 Nbd7 11. Rd1 Qe7 12. Bd2 Rfd8 13. Rac1 h6 14. h3 c5 15. Be1 cxd4 16. exd4 Nh5 17. Bd2 Qf6 18. Ne5 Nf4 19. Bxf4 Qxf4 20. Nxf7 Re8 21.
Ne5 Nf6 22. Rc2 Qg5 23. f3 Rad8 24. Bxa6 Bxa6 25. Qxa6 Rxd4 26. Rxd4 Qe3+ 27. Kf1 Qxd4 28. Qb5 Bc5 29. Ke1 Qxe5+ 30. Re2 Qg3+ 31. Kf1 Rf8 32. Ne4 Nxe4 0-1

[Event "Early-Titled-Tuesday-Blitz-May-14-2024"]
[Site "Chess.com"]
[Date "2024.05.14"]
[Round "6"]
[White "RantomOpening"]
[Black "Bilan_Danila"]
[Result "1-0"]
[WhiteElo "2558"]
[BlackElo "2649"]
[TimeControl "180+1"]
[EndTime "9:08:42 PDT"]
[Termination "RantomOpening won by resignation"]

1. c4 c6 2. Nf3 d5 3. e3 Nf6 4. Nc3 e6 5. b3 Nbd7 6. d4 Ne4 7. Nxe4 dxe4 8. Nd2 f5 9. f3 exf3 10.
Nxf3 Bd6 11. c5 Bc7 12. Bc4 Nf6 13. b4 O-O 14. O-O a6 15. a4 Kh8 16. Qb3 Nd5 17.
b5 axb5 18. Bd3 bxa4 19. Rxa4 Rxa4 20. Qxa4 Qe7 21. Bd2 e5 22. dxe5 Bxe5 23. Nxe5 Qxe5 24. e4 Nf6 25. exf5 Rd8 26. Re1 Qxc5+ 27. Be3 Qd5 28. Bc2 Bxf5 29. Rd1 Qg8 30. Rxd8 Qxd8 31. Bxf5 g6 32.
Bc2 Kg7 33. Qb3 Nd5 34. Qxb7+ Qe7 35. Bd4+ Kf7 36. Qxe7+ Kxe7 37. Kf2 Nf4 38. Be4 Ne6 39. Ke3 Kd6 40. g3 Nc7 41. Kf4 Nb5 42. Be5+ Kc5 43. Kg5 Kc4 44. Bxc6 Na7 45. Be4 1-0

[Event "Early-Titled-Tuesday-Blitz-May-14-2024"]
[Site "Chess.com"]
[Date "2024.05.14"]
[Round "6"]
[White "bescmelasti"]
[Black "laiciffOneslraCsungaM"]
[Result "1-0"]
[WhiteElo "2626"]
[BlackElo "2416"]
[TimeControl "180+1"]
[EndTime "9:08:42 PDT"]
[Termination "bescmelasti won by resignation"]

1. e4 e6 2. d4 d5 3. Nc3 Bb4 4. e5 c5 5. a3 Bxc3+ 6. bxc3 Ne7 7. Qg4 Qc7 8. Qxg7 Rg8 9. Qxh7 cxd4 10. Rb1 Qxe5+ 11.
Ne2 dxc3 12. Bf4 Qf6 13. h4 Nd7 14. Bg5 Qe5 15. f4 Qe4 16. Qxe4 dxe4 17. h5 f6 18.
Bh4 Nd5 19. g3 b6 20. Nd4 Kf7 21. Bc4 Bb7 22. Ke2 Rac8 23. Ba2 Rh8 24. Bxd5 Bxd5 25. g4 Rc4 26. Ke3 Ra4 27. Ra1 Nc5 28. Be1 Rc4 29. Rb1 Ra4 30. Ra1 Rc4 31. g5 e5 32. g6+ Kg7 33.
Nf5+ Kg8 34. fxe5 Be6 35. Nd6 Ra4 36. exf6 Bg4 37. f7+ Kg7 38. Bxc3+ 1-0

[Event "Early-Titled-Tuesday-Blitz-May-14-2024"]
[Site "Chess.com"]
[Date "2024.05.14"]
[Round "6"]
[White "bazar-wokzal"]
[Black "MdChess1734"]
[Result "0-1"]
[WhiteElo "2608"]
[BlackElo "2410"]
[TimeControl "180+1"]
[EndTime "9:08:42 PDT"]
[Termination "MdChess1734 won by resignation"]

1. e4 c6 2. d4 d5 3. f3 dxe4 4.
fxe4 e5 5. Nf3 Bg4 6. c3 Nf6 7. Bd3 Nbd7 8. O-O Bd6 9. Be3 Qc7 10. Kh1 O-O 11. Nbd2 Rad8 12. Nc4 Rfe8 13. Qc2 b5 14. Nxd6 Qxd6 15. Rf2 Bh5 16. h3 Bg6 17. Nd2 Nc5 18.
dxc5 Qxd3 19. Qxd3 Rxd3 20. Re1 Nxe4 21. Nxe4 Bxe4 22.
Kh2 Bd5 23. a3 f6 24. Rd2 Rxd2 25. Bxd2 Rd8 26. Be3 Bc4 27. g4 Kf7 28. Kg3 Ke6 29. h4 g6 30. Bh6 Rd3+ 31. Re3 f5 32. Rxd3 Bxd3 33. Bg7 Kd5 34. gxf5 gxf5 35. b4 Be2 36. Kf2 Bh5 37. Ke3 f4+ 38. Kf2 e4 39. Bh6 e3+ 0-1

[Event "Early-Titled-Tuesday-Blitz-May-14-2024"]
[Site "Chess.com"]
[Date "2024.05.14"]
[Round "6"]
[White "manitodeplomo"]
[Black "lucasmito"]
[Result "0-1"]
[WhiteElo "2585"]
[BlackElo "2738"]
[TimeControl "180+1"]
[EndTime "9:08:44 PDT"]
[Termination "lucasmito won on time"]

1. d4 d5 2. c4 dxc4 3. Nf3 Nf6 4.
e3 b5 5. a4 b4 6. Bxc4 e6 7. O-O Be7 8. Qe2 O-O 9. e4 Bb7 10.
Bd3 Nbd7 11. Nbd2 c5 12. e5 Nd5 13. Qe4 g6 14. Qg4 cxd4 15. Re1 Nc5 16. Bb1 d3 17. h4 h5 18. Qg3 a5 19. Nc4 Nb3 20. Bxd3 Kg7 21. Rb1 Nf4 22. Qxf4 Nxc1 23. Bf1 Nd3 24.
Bxd3 Qxd3 25. Rbd1 Qf5 26. Qxf5 gxf5 27. Rd7 Bxf3 28.
Rxe7 Bd5 29. Nd6 Kg6 30. f4 Rg8 31. Re3 Raf8 32. Nxf7 Rxf7 33. Rg3+ Kh6 34. Rxg8 Rxe7 0-1

[Event "Early-Titled-Tuesday-Blitz-May-14-2024"]
[Site "Chess.com"]
[Date "2024.05.14"]
[Round "6"]
[White "ansko1999"]
[Black "wild3000"]
[Result "0-1"]
[WhiteElo "2638"]
[BlackElo "2522"]
[TimeControl "180+1"]
[EndTime "9:08:44 PDT"]
[Termination "wild3000 won by checkmate"]

1. Nc3 d5 2. e4 d4 3. Nce2 e5 4.
Ng3 c5 5. Bc4 Nf6 6. a4 Be7 7.
d3 O-O 8. Nf3 Nc6 9. O-O Be6 10.
Bxe6 fxe6 11. Ng5 Qd7 12. Nh5 Nxh5 13. Qxh5 Bxg5 14. Bxg5 Nb4 15. Qe2 Rac8 16. Bh4 Rf7 17. Bg3 Nc6 18. f4 exf4 19. Rxf4 Rcf8 20. Rxf7 Rxf7 21.
Qh5 b6 22. c3 dxc3 23. bxc3 Qxd3 24. Rd1 Qe3+ 25. Kh1 Qxe4 26. h3 h6 27. Kh2 Qxa4 28. Rd6 Qe4 29. Qd1 a5 30. c4 Kh7 31. Qa4 Nd4 32. Qe8 Qf5 33. Rd8 Ne2 34. Qg8+ Kg6 35. Be1 Qf1 36. Qe8 Qg1# 0-1